[Event "*** MasterClass Titled Tuesday Blitz"]
[Site "Chess.com"]
[Date "2017.07.04"]
[Round "3"]
[White "GM_dmitrij"]
[Black "SipkeErnst"]
[Result "0-1"]
[WhiteElo "2496"]
[BlackElo "2435"]
[TimeControl "180+2"]
[EndTime "13:39:10 PDT"]
[Termination "SipkeErnst won by checkmate"]

1. e4 e5 2. Nf3 Nc6 3. Bb5 a6 4. Ba4 Nf6 5. O-O Be7 6. d3 b5 7. Bb3 d6 8. a3 Na5 9. Ba2 c5 10. Nc3 Be6 11. Nh4 Nc6 12. Nf5 O-O 13. Bg5 Bxf5 14.
exf5 b4 15. axb4 cxb4 16. Nd5 Nxd5 17. Bxd5 Bxg5 18. Bxc6 Rb8 19. Rxa6 Qc8 20. Qa1 Qxf5 21. Qa2 b3 22. cxb3 Qxd3 23. Ra3 Rb4 24. Ra5 h6 25.
Rd5 Qc2 26. Rxd6 e4 27. Qb1 Qc5 28. Rfd1 f5 29. Bd5+ Kh8 30. Bc4 Rb6 31. R6d5 Qe7 32. Qc2 f4 33. Rd7 Qf6 34. Qxe4 f3 35. Bd3 g6 36. Qxg6 Qxg6 37. Bxg6 Rxg6 38. g3 Re6 39.
R7d3 Re2 40. Rb1 h5 41. Kf1 Rc2 42. Rc3 Rd2 43. b4 Bd8 44. Ke1 Re2+ 45. Kf1 Rd2 46. Ke1 Rd4 47. b5 Ba5 48. b6 Re8+ 49. Kf1 Bxc3 50. bxc3 Rd6 51. c4 Rc6 52. b7 Rb8 53.
Rb4 Rc7 54. Rb3 Rbxb7 55. Rxf3 Rf7 56. Rc3 Rb2 57. f3 Ra7 58. c5 Ra1+ 59. Rc1 Rxc1# 0-1

[Event "*** MasterClass Titled Tuesday Blitz"]
[Site "Chess.com"]
[Date "2017.07.04"]
[Round "3"]
[White "Tesla37"]
[Black "Al_Shima"]
[Result "1/2-1/2"]
[WhiteElo "2625"]
[BlackElo "2354"]
[TimeControl "180+2"]
[EndTime "13:39:16 PDT"]
[Termination "Game drawn by repetition"]

1. Nf3 Nf6 2. g3 b6 3. Bg2 Bb7 4. O-O g6 5. c4 c5 6. Nc3 Bg7 7. Re1 d6 8. e4 e5 9. d3 O-O 10. Nd5 Nxd5 11. cxd5 f5 12. Ng5 Qe7 13. Ne6 Rf7 14.
f4 Nd7 15. h4 Nf8 16. Ng5 Rf6 17. h5 Bh6 18. Bd2 Bxg5 19. fxg5 Rf7 20. Rf1 Nd7 21. Qe2 Raf8 22. Bh3 f4 23. Qg4 Bc8 24. Qh4 Nb8 25. Bxc8 Rxc8 26. gxf4 exf4 27. Rxf4 Rxf4 28. Bxf4 Nd7 29.
Kg2 Rf8 30. hxg6 hxg6 31. Rh1 Qg7 32. d4 cxd4 33. Bxd6 Rf7 34. Rc1 d3 35. e5 Nc5 36.
Bxc5 Qxe5 37. Bf2 Qxd5+ 38. Kg1 d2 39. Rd1 Rd7 40. Qf4 Qd3 41. Be3 Rf7 42. Qb8+ Rf8 43. Qe5 Qe2 44. Qd5+ Rf7 45. Qd8+ Rf8 46. Qxd2 Qg4+ 47.
Kh1 Qh5+ 48. Kg2 Qf3+ 49. Kg1 Qg4+ 50. Kh2 Qh5+ 51. Kg1 Qg4+ 52. Kh2 Qh4+ 53. Kg2 Qe4+ 54. Kg1 Qg4+ 55. Kh2 Qh4+ 56. Kg2 Qg4+ 57. Kh2 Qh4+ 1/2-1/2

[Event "*** MasterClass Titled Tuesday Blitz"]
[Site "Chess.com"]
[Date "2017.07.04"]
[Round "3"]
[White "GMKrikor"]
[Black "SuperCheese"]
[Result "1-0"]
[WhiteElo "2471"]
[BlackElo "2409"]
[TimeControl "180+2"]
[EndTime "13:39:21 PDT"]
[Termination "GMKrikor won by resignation"]

1. e4 e5 2. Nf3 Nc6 3. Bb5 a6 4.
Ba4 Nf6 5. O-O Be7 6. d3 b5 7. Bb3 O-O 8. a4 b4 9. a5 d6 10. Nbd2 Rb8 11. Bc4 h6 12. Re1 Nd7 13. Nf1 Nc5 14.
Ne3 Kh8 15. Bd5 Bd7 16. Nf5 Bf6 17. Be3 Rb5 18. Qd2 Ne7 19. Nxe7 Qxe7 20. Bc4 Rbb8 21. Bxc5 dxc5 22. Bxa6 Bb5 23. Bxb5 Rxb5 24. a6 Ra8 25.
Ra4 Ra7 26. Rea1 Rb6 27. g3 Qd6 28. Qe3 Kh7 29. h4 g6 30. Nd2 Rbxa6 31. Rxa6 Rxa6 32.
Rxa6 Qxa6 33. Qxc5 Qa1+ 34. Kg2 Qxb2 35. Qxc7 Kg7 36. Nf1 Qd4 37. Ne3 Bd8 38. Qc4 Bb6 39. Qxd4 Bxd4 40. Nd5 Bc5 41. f4 f6 42. Kf3 h5 43.
Ne3 Bd4 44. Nd5 Bc5 45. g4 exf4 46. Nxf4 hxg4+ 47. Kxg4 Kf7 48. h5 g5 49. Nd5 Kg7 50. Kf5 Bd4 51. Nxb4 Kh6 52. Kg4 Be5 53. Nd5 1-0

[Event "*** MasterClass Titled Tuesday Blitz"]
[Site "Chess.com"]
[Date "2017.07.04"]
[Round "3"]
[White "Tonychess32"]
[Black "Whateveriov"]
[Result "1-0"]
[WhiteElo "2455"]
[BlackElo "2673"]
[TimeControl "180+2"]
[EndTime "13:39:22 PDT"]
[Termination "Tonychess32 won by resignation"]

1. e4 c5 2. Nf3 d6 3. c3 Nf6 4.
Be2 g6 5. d3 Bg7 6. O-O O-O 7.
h3 Nc6 8. a4 e5 9. Re1 d5 10.
Qc2 d4 11. Nbd2 Be6 12. Ng5 Bd7 13. Nc4 Qe7 14. f4 exf4 15. Bxf4 Ne8 16. Rf1 h6 17. Nf3 Be6 18. Rad1 Rd8 19. Qc1 Kh7 20. e5 Nc7 21.
Rfe1 Bxc4 22. dxc4 Ne6 23. Bg3 Qc7 24. Bd3 dxc3 25. bxc3 Na5 26. Qc2 Qb6 27. Rb1 Qc6 28.
Be4 Qe8 29. h4 b6 30. h5 Rg8 31. Nh4 Bh8 32. hxg6+ fxg6 33. Rf1 Nxc4 34. Rbe1 Nd2 35.
Bxg6+ Rxg6 36. Nxg6 Qxg6 37. Rf7+ Bg7 38. Qxg6+ Kxg6 39. Rxa7 Nc4 40. Re4 Na5 41. Rg4+ Ng5 42. Ra6 Rb8 43.
e6 Rb7 44. e7 Kf7 45. Bd6 Bf6 46. Rf4 Nh7 47. Ra8 Rxe7 48. Bxe7 Kxe7 49. Ra7+ Ke6 50. Rxh7 Bxc3 51. Rxh6+ Ke5 52. Rg4 Bd4+ 53. Kf1 Nc4 54.
Rh5+ Ke6 55. Ke2 Nb2 56. Rg6+ Kf7 57. Rxb6 Nxa4 58. Ra6 Nc3+ 59. Kd3 Nd1 60. Rh7+ Kg8 61. Rb7 1-0

[Event "*** MasterClass Titled Tuesday Blitz"]
[Site "Chess.com"]
[Date "2017.07.04"]
[Round "3"]
[White "Msb2"]
[Black "OparinGrigoriy"]
[Result "1/2-1/2"]
[WhiteElo "2533"]
[BlackElo "2752"]
[TimeControl "180+2"]
[EndTime "13:39:31 PDT"]
[Termination "Game drawn by repetition"]

1. d4 Nf6 2. c4 e6 3. g3 d5 4. Bg2 Bb4+ 5. Nd2 O-O 6. Nf3 b6 7. O-O Bb7 8. a3 Be7 9. cxd5 exd5 10. b4 c6 11. Ne5 Nbd7 12. Bb2 b5 13. e4 Nb6 14.
Nd3 dxe4 15. Nxe4 Nxe4 16. Bxe4 Na4 17. Qc2 Bf6 18. Ne5 Nxb2 19. Qxb2 Qd6 20. Rac1 Rac8 21.
Rfd1 Rfd8 22. Qc2 g6 23. Qc5 Qxc5 24. Rxc5 Bxe5 25. Rxe5 Kf8 26. f4 Rd6 27. Rc5 Re8 28.
Bg2 Re3 29. a4 a6 30. axb5 axb5 31. d5 Rb3 32. Rdc1 cxd5 33. Rxb5 Ba6 34. Rb8+ Kg7 35.
Rd1 d4 36. Bf1 d3 37. Rd2 Rc6 38. Kf2 Rc1 39. Rb6 Rbb1 40. Rxa6 Rxf1+ 41. Kg2 Rg1+ 42.
Kh3 Rxb4 43. Rxd3 Rb5 44. g4 h5 45. Rg3 hxg4+ 46. Kxg4 Rf1 47. Ra4 Rh5 48. h4 f5+ 49. Kh3 Rh1+ 50. Kg2 R5xh4 51. Ra7+ Kh6 52. Ra6 R4h2+ 53. Kf3 Rf1+ 54. Ke3 Re1+ 55. Kf3 Rf1+ 56. Ke3 Re1+ 57. Kf3 Rf1+ 58. Ke3 1/2-1/2

[Event "*** MasterClass Titled Tuesday Blitz"]
[Site "Chess.com"]
[Date "2017.07.04"]
[Round "3"]
[White "Zhani-Z"]
[Black "caraguru"]
[Result "1-0"]
[WhiteElo "2364"]
[BlackElo "2433"]
[TimeControl "180+2"]
[EndTime "13:39:45 PDT"]
[Termination "Zhani-Z won by resignation"]

1. d4 Nf6 2. Bg5 d5 3. e3 c5 4. c3 Nc6 5. Nd2 Qb6 6. Qb3 e6 7. Ngf3 Bd7 8. Be2 cxd4 9. exd4 Bd6 10. O-O h6 11. Bxf6 gxf6 12. Qxb6 axb6 13. c4 Ne7 14. a3 O-O 15. Rfc1 Rfc8 16. g3 Bc6 17. Nh4 dxc4 18. Nxc4 Bc7 19. Bf3 Rd8 20. Rd1 b5 21. Ne3 Bb6 22.
Bxc6 bxc6 23. Nf3 Ra4 24. Rac1 Kg7 25. Kf1 Ra7 26. Nc2 Rad7 27. Nb4 Rd6 28. Ke2 Rc8 29. Rc3 Nf5 30. Rcd3 Rcd8 31. Nc2 h5 32. h3 Kg6 33. Nb4 Kg7 34. Rc1 Ne7 35. Rcd1 Kf8 36. Rc1 Ke8 37.
Rc2 Kd7 38. Rdc3 Kc7 39. Nd3 Kb7 40. Nc5+ Ka7 41. b4 Nf5 42. Nb3 Nxd4+ 43. Nbxd4 Bxd4 44. Rxc6 Rxc6 45. Rxc6 Kb7 46. Nxd4 Rxd4 47. Rc5 Kb6 48.
Rxh5 Rd7 49. Rh8 Ra7 50. Rf8 Kc6 51. h4 Kd6 52. h5 Ke7 53. Rb8 Rxa3 54. h6 Ra2+ 55.
Kf3 Ra3+ 56. Kg2 1-0

[Event "*** MasterClass Titled Tuesday Blitz"]
[Site "Chess.com"]
[Date "2017.07.04"]
[Round "3"]
[White "1lec"]
[Black "Wolverine_master"]
[Result "1-0"]
[WhiteElo "2092"]
[BlackElo "1978"]
[TimeControl "180+2"]
[EndTime "13:39:46 PDT"]
[Termination "1lec won by resignation"]

1. d4 d5 2. Nf3 Nf6 3. Bf4 Bg4 4.
e3 e6 5. Nbd2 Bd6 6. Bxd6 Qxd6 7.
c3 c5 8. Be2 O-O 9. O-O Nc6 10.
Qb3 b6 11. h3 Bh5 12. Rfe1 Rfe8 13. dxc5 bxc5 14. c4 Reb8 15. Qa3 Nb4 16. Rac1 Ne4 17. cxd5 Nxd2 18. Nxd2 Bxe2 19. Rxe2 exd5 20. Nf3 h6 21.
Rd2 a5 22. Rcd1 Qe6 23. Qa4 c4 24. Ne1 Qc6 25. Qxc6 Nxc6 26. Rc2 Rb5 27. b3 Nb4 28. Rb2 c3 29. Re2 a4 30. Nc2 axb3 31. axb3 Ra2 32.
Rc1 Nxc2 33. Rexc2 Rxc2 34. Rxc2 Rxb3 35. Kf1 Kf8 36. Ke2 Rb2 37. Kd3 Rxc2 38. Kxc2 Ke7 39. Kxc3 Kd6 40. Kd4 f6 41. h4 h5 42. f3 g5 43. g3 Ke6 44. f4 gxh4 45. gxh4 Kd6 46.
f5 Kc6 47. e4 dxe4 48. Kxe4 Kc5 49. Ke3 Kb4 50. Kd4 Kb3 51. Kd5 Kc3 52. Ke6 Kd4 53.
Kxf6 Ke4 54. Kg5 Ke5 55. Kg6 Kf4 56. f6 Kg4 57. f7 Kxh4 58. f8=Q Kh3 59. Qf1+ Kh2 60.
Qf4+ Kh3 61. Qf1+ Kg4 62. Qg2+ Kh4 63. Qh2+ Kg4 64. Qxh5+ Kg3 1-0

[Event "*** MasterClass Titled Tuesday Blitz"]
[Site "Chess.com"]
[Date "2017.07.04"]
[Round "3"]
[White "Witik"]
[Black "ohusbands"]
[Result "0-1"]
[WhiteElo "2525"]
[BlackElo "2371"]
[TimeControl "180+2"]
[EndTime "13:39:49 PDT"]
[Termination "ohusbands won by checkmate"]

1. d4 Nf6 2. Bf4 d5 3. e3 e6 4. Nd2 Bd6 5. Bd3 c5 6. c3 Nc6 7. Bxd6 Qxd6 8. f4 b6 9. Ngf3 Bb7 10. O-O O-O 11. Ne5 Ne7 12. Qf3 b5 13. g4 g6 14. Nb3 c4 15. Nc5 Qc7 16. Bc2 Nc6 17. h4 Nxe5 18. fxe5 Nd7 19. Nxd7 Qxd7 20. h5 Qe7 21.
Qf6 Qxf6 22. Rxf6 Kg7 23. Kf2 a5 24. Kg3 b4 25. Raf1 Bc6 26. Kh4 bxc3 27. bxc3 Rab8 28. R1f2 Rb2 29. Bd1 Rxf2 30. Rxf2 Rb8 31. h6+ Kf8 32.
Kg5 Ke7 33. Rd2 Rb1 34. Be2 a4 35. e4 a3 36. exd5 exd5 37. Bd1 Rb2 38. Rxb2 axb2 39.
Bc2 Ba4 40. Bb1 Bd1 41. Kf4 f6 42. exf6+ Kxf6 43. g5+ Ke6 44. Ke3 Kd6 45. Kd2 Ba4 46.
Bc2 Bd7 47. Bb1 Ba4 48. Ke3 Ke6 49. Kf4 Bc6 50. a3 Ba4 51. Ke3 Bd7 52. Bc2 Kd6 53. Kd2 Kc7 54. Bb1 Ba4 55. Ba2 Kd6 56. Bb1 Kc7 57.
Bxg6 hxg6 58. h7 b1=Q 59. h8=Q Qd3+ 60. Ke1 Qxc3+ 61. Kf2 Qd2+ 62. Kg3 Qe3+ 63. Kg4 Bd7+ 64. Kh4 Qf4# 0-1

[Event "*** MasterClass Titled Tuesday Blitz"]
[Site "Chess.com"]
[Date "2017.07.04"]
[Round "3"]
[White "kleinebeer98"]
[Black "grobesk"]
[Result "1-0"]
[WhiteElo "2439"]
[BlackElo "2217"]
[TimeControl "180+2"]
[EndTime "13:39:51 PDT"]
[Termination "kleinebeer98 won by resignation"]

1. e4 e5 2. Nf3 Nf6 3. Nc3 Nc6 4. h3 Bb4 5. Bd3 d6 6. O-O O-O 7. Re1 a6 8. Bf1 Bc5 9. d3 Nd4 10. Bg5 c6 11. Nxd4 Bxd4 12. Qf3 Bxc3 13. bxc3 h6 14.
Bh4 g5 15. Bg3 Kg7 16. d4 Qe7 17. h4 Bg4 18. Qe3 Nh5 19. Bh2 Nf4 20. Rab1 Rad8 21.
Rb6 Rd7 22. Reb1 Kh7 23. Bd3 f6 24. a4 Rg8 25. hxg5 hxg5 26. a5 Kg6 27. Qg3 Be6 28. d5 cxd5 29. exd5+ Bf5 30. Bxf5+ Kxf5 31. Qf3 Kg6 32.
Bxf4 gxf4 33. Qg4+ Kf7 34. Qxd7 Qxd7 35. Rxb7 Rd8 36. f3 f5 37. Kf2 e4 38. Rxd7+ Rxd7 39. Rb4 Re7 40. Rb6 Kf6 41. Rxd6+ Ke5 42. Rxa6 Kxd5 43. Rf6 Ke5 44. Rb6 Rc7 45. Rb5+ Ke6 46.
Rb3 Rc5 47. Ra3 e3+ 48. Ke2 Rc8 49. a6 Ra8 50. g3 fxg3 51. Kxe3 Ke5 52. f4+ Kd5 53.
Kf3 Kc6 54. Kxg3 Kb6 55. a7 Rxa7 56. Rxa7 Kxa7 57. Kh4 Kb6 58. Kg5 Kc5 1-0

[Event "*** MasterClass Titled Tuesday Blitz"]
[Site "Chess.com"]
[Date "2017.07.04"]
[Round "3"]
[White "MITerryble"]
[Black "rasmussvane"]
[Result "1-0"]
[WhiteElo "2638"]
[BlackElo "2510"]
[TimeControl "180+2"]
[EndTime "13:39:54 PDT"]
[Termination "MITerryble won by resignation"]

1. d4 Nf6 2. Nf3 d5 3. c4 e6 4.
e3 a6 5. b3 c5 6. dxc5 Bxc5 7.
a3 O-O 8. Bb2 Nc6 9. b4 Ba7 10. Nbd2 dxc4 11. Nxc4 Qe7 12. Qd6 Rd8 13. Qxe7 Nxe7 14. Be2 Bd7 15. Na5 b6 16. Nb7 Rdb8 17.
Nd6 a5 18. Ne5 Be8 19. O-O Rd8 20. Nxe8 Nxe8 21. Rfd1 f6 22. Nc4 Rxd1+ 23. Rxd1 axb4 24. axb4 Nd5 25. b5 Rc8 26. e4 Ndc7 27. Rd7 Nxb5 28. Ne3 Nec7 29. g4 Bb8 30. g5 Rf8 31. gxf6 gxf6 32. Ng4 e5 33. Bc4+ Kh8 34. Nxf6 Rxf6 35. Bxe5 Ne8 36. Bxf6+ Nxf6 37. Rd8+ Kg7 38. Bxb5 Bf4 39.
f3 h5 40. Kg2 h4 41. Kh3 Kg6 42. Kxh4 Bxh2 43. Bd3 Kf7 44. Kg5 Ke7 45. Ra8 Nd7 46.
Kf5 Nc5 47. Bc4 Kd6 48. f4 Kc6 49. Rc8+ Kb7 50. Rh8 Bg1 51. e5 Kc6 52. Rh6+ Kc7 53.
Bb5 Be3 54. Rc6+ Kb7 55. Rd6 Kc7 56. Kg4 Bc1 57. Rc6+ Kd8 58. Rxb6 Ne4 59. e6 Ke7 60. f5 Nf6+ 61. Kf3 Ba3 62. Rb7+ Kd6 63. e7 1-0

[Event "*** MasterClass Titled Tuesday Blitz"]
[Site "Chess.com"]
[Date "2017.07.04"]
[Round "3"]
[White "Grootneus"]
[Black "Ez_Chess2016"]
[Result "0-1"]
[WhiteElo "2068"]
[BlackElo "1984"]
[TimeControl "180+2"]
[EndTime "13:39:54 PDT"]
[Termination "Ez_Chess2016 won by checkmate"]

1. e4 c5 2. b4 cxb4 3. a3 d5 4.
exd5 Qxd5 5. axb4 Qe5+ 6. Be2 Qxa1 7. Nc3 Nf6 8. Nf3 e6 9. O-O Bxb4 10. Nb5 Na6 11.
c3 Be7 12. Qb3 Nc5 13. Qc4 O-O 14. Ba3 Qxf1+ 15. Bxf1 b6 16. d4 Bb7 17. dxc5 Bxf3 18. gxf3 Bxc5 19. Bxc5 Rfc8 20. Qh4 Rxc5 21. Bd3 a6 22.
Nd6 Rd5 23. Ne4 Rxd3 24. Nxf6+ gxf6 25. Qxf6 Rd5 26. f4 Rad8 27. Kg2 R8d7 28. h4 h5 29. c4 Rf5 30. Qb2 b5 31. Qa1 bxc4 32. Qxa6 Rdd5 33.
Qxc4 Kg7 34. Qc3+ Kg6 35. Kg3 Rf6 36. Qc2+ Rdf5 37. f3 Kh6 38. Qe4 Rxf4 39. Qe3 Kg6 40. Qd3+ R4f5 41. Kg2 Kg7 42. Qc3 Rxf3 43. Qe5 Rf5 44. Qe3 Rg6+ 45. Kh3 Rgf6 46. Qd4 Rf3+ 47. Kg2 Rf2+ 48. Kg3 Kg6 49. Qd3+ R6f5 50. Qe4 Rf3+ 51.
Kg2 Rf4 52. Qd3 Rg4+ 53. Kh3 Kh6 54. Qe3+ Rgf4 55. Kg3 e5 56. Qd2 Kg6 57. Qd6+ Rf6 58. Qxe5 Rf3+ 59. Kg2 Rf2+ 60. Kg3 R6f3# 0-1

[Event "*** MasterClass Titled Tuesday Blitz"]
[Site "Chess.com"]
[Date "2017.07.04"]
[Round "3"]
[White "Ilja_Semjonovs"]
[Black "fidetrainerNET"]
[Result "1-0"]
[WhiteElo "2264"]
[BlackElo "2100"]
[TimeControl "180+2"]
[EndTime "13:39:58 PDT"]
[Termination "Ilja_Semjonovs won by resignation"]

1. d4 Nf6 2. Nf3 g6 3. Bf4 Bg7 4. e3 O-O 5. Nbd2 Na6 6. c3 c5 7. Bd3 d5 8. Qe2 Qb6 9. Rb1 Bg4 10. h3 Bxf3 11. Nxf3 Ne4 12. h4 f5 13. h5 Rac8 14. Bxe4 fxe4 15. Ne5 Qe6 16. hxg6 hxg6 17. g3 Rf5 18. g4 Rff8 19. Kd2 cxd4 20. exd4 Nc5 21. Qe3 Bxe5 22. Bxe5 Nd3 23. Rh2 Nxe5 24. dxe5 Qxe5 25. Rbh1 Kf7 26. Qxa7 Ra8 27. Qxb7 Rab8 28. Rh7+ Kg8 29.
Rh8+ Qxh8 30. Qxd5+ Kg7 31. Qe5+ Kf7 32. Rxh8 Rxh8 33. Kc2 Rbd8 34. Qxe4 Rd6 35. a4 Rhd8 36. Qf4+ Rf6 37. Qe3 Rdd6 38. a5 Rde6 39. Qd4 Re2+ 40.
Kb3 Rfxf2 41. c4 Rf3+ 42. Ka4 Rfe3 43. b4 e5 44. Qd5+ Kf6 45. a6 e4 46. b5 Rd3 47.
Qc6+ Ke5 48. Kb4 Rb2+ 49. Kc5 e3 50. a7 Ra3 51. a8=Q Rxa8 52. Qxa8 e2 53. Qe8+ Kf4 54.
b6 Kxg4 55. b7 Rxb7 56. Qxe2+ Kf5 57. Qf3+ Ke5 58. Qxb7 g5 59. Qg2 g4 60. Qxg4 Kf6 61. Kd5 1-0

[Event "*** MasterClass Titled Tuesday Blitz"]
[Site "Chess.com"]
[Date "2017.07.04"]
[Round "3"]
[White "ChessNinja48"]
[Black "maheswaran26"]
[Result "1/2-1/2"]
[WhiteElo "2300"]
[BlackElo "2156"]
[TimeControl "180+2"]
[EndTime "13:40:01 PDT"]
[Termination "Game drawn - insufficient material"]

1. d4 Nf6 2. Nf3 e6 3. c4 d5 4.
Nc3 Bb4 5. Bg5 Nbd7 6. e3 c5 7. Rc1 Qa5 8. Qb3 Ne4 9. Bf4 O-O 10. a3 Bxc3+ 11. bxc3 cxd4 12. exd4 dxc4 13. Bxc4 b6 14. O-O Ba6 15. Rfe1 Bxc4 16. Qxc4 Rac8 17. Qd3 Nef6 18.
c4 Rfd8 19. Qb3 Rc6 20. Bd2 Qf5 21. Bc3 Rdc8 22. Bb2 Ne8 23. d5 exd5 24. cxd5 Rxc1 25. Bxc1 Nef6 26. Qa4 Qxd5 27. Qxa7 h6 28. Be3 Ra8 29.
Qc7 Rxa3 30. Bxb6 Rd3 31. Be3 Rd1 32. Qc8+ Nf8 33. h3 Rxe1+ 34. Nxe1 Qe6 35. Qc2 Nd5 36. Bd2 Ng6 37. Nf3 Ngf4 38. Qd1 Ne2+ 39. Kf1 Nef4 40. Ne1 Qa6+ 41. Kg1 Ne2+ 42. Kh1 Qc4 43. Nf3 Ndc3 44.
Qe1 Ne4 45. Be3 N2c3 46. Qa1 Kh7 47. Nd4 Qd3 48. Qe1 Nd5 49. Nf5 Nxe3 50. Nxe3 Qd2 51. Qxd2 Nxd2 52. Kh2 g6 53. Kg3 f5 54. Kf4 Ne4 55. f3 Nd2 56. Ke5 Kg7 57. g4 fxg4 58. hxg4 Nxf3+ 59. Kf4 Nd4 60. Nd5 Ne6+ 61. Ke5 h5 62. gxh5 gxh5 63. Kxe6 h4 64. Nf4 h3 65. Nxh3 1/2-1/2

[Event "*** MasterClass Titled Tuesday Blitz"]
[Site "Chess.com"]
[Date "2017.07.04"]
[Round "3"]
[White "yurisolo"]
[Black "DanielNaroditsky"]
[Result "1-0"]
[WhiteElo "2550"]
[BlackElo "2719"]
[TimeControl "180+2"]
[EndTime "13:40:02 PDT"]
[Termination "yurisolo won by resignation"]

1. e4 e5 2. Nf3 Nc6 3. Bb5 a6 4.
Ba4 Nf6 5. O-O Be7 6. Re1 b5 7. Bb3 d6 8. c3 O-O 9. h3 Na5 10. Bc2 c5 11. d4 Nd7 12. Nbd2 exd4 13. cxd4 Nc6 14. d5 Nce5 15. a4 Bb7 16. Qe2 Bf6 17. Nxe5 Nxe5 18. axb5 axb5 19. Rxa8 Qxa8 20. Qxb5 Ba6 21.
Qb3 c4 22. Qa3 Rd8 23. Nb1 Nd3 24. Bxd3 cxd3 25. Bf4 Qb7 26. b3 Qb6 27. Be3 Qb7 28.
Bf4 Qb6 29. Be3 Qb7 30. Nd2 Bc3 31. Rc1 Bb4 32. Qa4 Ra8 33. Qc6 Qb8 34. Ra1 Bb7 35. Rxa8 Bxa8 36. Qc4 h6 37. Qxd3 Qe8 38. Nc4 Bb7 39.
Bf4 Qb5 40. Qg3 Qe8 41. Bxh6 g6 42. f3 Qe7 43. Bf4 Bc5+ 44. Kh2 Qf6 45. Bxd6 Ba7 46. Be5 Qa6 47. Qh4 f6 48. Qxf6 Qxf6 49. Bxf6 Bb8+ 50. Be5 Ba7 51. g4 Ba6 52. Kg3 1-0

[Event "*** MasterClass Titled Tuesday Blitz"]
[Site "Chess.com"]
[Date "2017.07.04"]
[Round "3"]
[White "vpantev"]
[Black "AkshatChandra"]
[Result "1-0"]
[WhiteElo "2446"]
[BlackElo "2653"]
[TimeControl "180+2"]
[EndTime "13:40:13 PDT"]
[Termination "vpantev won by resignation"]

1. d4 Nf6 2. Nf3 d5 3. c4 e6 4.
g3 dxc4 5. Qa4+ c6 6. Qxc4 b5 7. Qc2 Bb7 8. a4 Nbd7 9. Bg2 a6 10. Bg5 Rc8 11. axb5 cxb5 12. Qd1 h6 13. Bxf6 Nxf6 14. Nbd2 Be7 15. O-O O-O 16. e3 a5 17. Qb3 Bb4 18. Rfc1 Bd5 19. Qd3 Qb6 20. Ne5 Bxg2 21. Kxg2 Bd6 22.
Nef3 Nd5 23. Ne4 Nb4 24. Qd2 Be7 25. h4 Qb7 26. Nc3 Rc4 27. Qe2 Rfc8 28. Kg1 Nd5 29. Ne5 Nxc3 30. bxc3 Rxc3 31. Rcb1 Rc2 32. Qf1 Bb4 33.
Nd3 Bc3 34. Ra3 b4 35. Rxa5 Rd2 36. Nc5 Qf3 37. Qg2 Qf5 38. Rf1 b3 39. Ra8 Rxa8 40.
Qxa8+ Kh7 41. Nxb3 Rb2 42. Nc5 e5 43. dxe5 Bxe5 44.
Qe4 Qxe4 45. Nxe4 Rc2 46. Kg2 f5 47. Kf3 fxe4+ 48. Kxe4 Bf6 49. Kf3 Kg6 50. Rb1 h5 51.
Rb5 Ra2 52. Rb1 Bc3 53. Rc1 Bb4 54. Rb1 Ba5 55. Rc1 Kf6 56. Rd1 g6 57. Rc1 Bb4 58.
Rb1 Ba5 59. Rc1 Rb2 60. Rd1 Bb4 61. Rc1 Ke5 62. Rd1 Ra2 63. Rc1 Ra7 64. Rb1 Rf7+ 65. Kg2 Bd2 66. Rd1 Bb4 67. Rb1 Ba5 68. Rb5+ Kf6 69.
Rxa5 Rb7 70. Rg5 Rb2 71. g4 hxg4 72. Rxg4 Ra2 73. Rb4 Rc2 74. Rb5 Ra2 75. h5 g5 76.
Rb6+ Kf7 77. Rg6 Ra5 78. f3 Rf5 79. Kg3 Re5 80. e4 Ra5 81. Kg4 Ra1 82. Rxg5 Kf6 83. Rf5+ Ke6 84. h6 Rg1+ 85. Kh5 Rh1+ 86. Kg6 Rg1+ 87.
Rg5 1-0

[Event "*** MasterClass Titled Tuesday Blitz"]
[Site "Chess.com"]
[Date "2017.07.04"]
[Round "3"]
[White "Schemato"]
[Black "IamSchrodingersCat"]
[Result "1-0"]
[WhiteElo "2319"]
[BlackElo "2426"]
[TimeControl "180+2"]
[EndTime "13:40:16 PDT"]
[Termination "Schemato won by checkmate"]

1. c4 Nf6 2. Nc3 g6 3. g3 Bg7 4. Bg2 O-O 5. e4 d6 6. Nge2 e5 7. O-O Re8 8. d3 Nc6 9. h3 Nd4 10. Nxd4 exd4 11. Ne2 c5 12. b4 Nd7 13. Bf4 Ne5 14.
bxc5 dxc5 15. a4 Bd7 16. a5 Nc6 17. Bd2 Qc7 18. Nf4 Rad8 19. Nd5 Qd6 20. Qb3 Bc8 21.
Bg5 f6 22. Bf4 Ne5 23. Bd2 h5 24. f4 Nc6 25. h4 Rf8 26. Rab1 Rde8 27. Kh2 Qd7 28.
Qb5 Qd6 29. Bh3 Bxh3 30. Kxh3 Rf7 31. Kg2 Bf8 32. Qa4 Qe6 33. Qd1 Qd6 34. Qf3 f5 35. e5 Qe6 36. Rb5 Kh8 37. Kh3 Rb8 38. Rfb1 Rd7 39.
R1b2 Rf7 40. Qd1 Rd7 41. Qb1 Nd8 42. Nf6 Rf7 43. Nd5 Rd7 44. Qh1 Rf7 45. Rb1 Rd7 46. Bc1 Rc8 47. Ba3 Rf7 48. Qg2 Rd7 49.
Nf6 Rf7 50. R5b2 Re7 51. Nd5 Rd7 52. Qc2 Rf7 53. Qa4 Rd7 54. Qb5 Rf7 55. Nf6 Rg7 56.
Ne8 Rf7 57. Nf6 Rg7 58. Qe8 Qxe8 59. Nxe8 Re7 60. Nf6 Rf7 61. Nd5 Rd7 62. Kg2 Re7 63. Kf3 Kg8 64. Ke2 Ne6 65. Kd2 Rf7 66. Rxb7 a6 67. Rxf7 Kxf7 68. Rb7+ Ke8 69. Nf6+ Kd8 70. Rd7# 1-0

[Event "*** MasterClass Titled Tuesday Blitz"]
[Site "Chess.com"]
[Date "2017.07.04"]
[Round "3"]
[White "Hrant_ChessMood"]
[Black "KNVB"]
[Result "1/2-1/2"]
[WhiteElo "2756"]
[BlackElo "2471"]
[TimeControl "180+2"]
[EndTime "13:41:03 PDT"]
[Termination "Game drawn - insufficient material"]

1. Nf3 d5 2. g3 c6 3. Bg2 Bg4 4. O-O Nd7 5. h3 Bxf3 6. Bxf3 e5 7. d3 Bc5 8. c4 dxc4 9. dxc4 Ngf6 10. Nc3 O-O 11.
Qc2 Re8 12. e3 a5 13. b3 Qe7 14. a3 h5 15. h4 Rad8 16. Bb2 g6 17. Rfd1 Kg7 18.
Rd2 Nf8 19. Rxd8 Rxd8 20. Na4 Bd6 21. Bc3 Bc7 22. b4 axb4 23. axb4 Ne6 24. b5 cxb5 25. cxb5 Bd6 26. Qb2 Nf8 27. Nb6 N8d7 28. Nc4 b6 29.
Nxd6 Qxd6 30. Bc6 Re8 31. Ra7 Re6 32. Qa1 Nc5 33. Bb4 Ng4 34. Rd7 Qf8 35. Bd5 Rf6 36.
f3 Qc8 37. Ra7 Nxe3 38. Bxf7 Rxf7 39. Qxe5+ Kg8 40. Rxf7 Kxf7 41. Qxe3 Ne6 42. Be1 Qc7 43. Bf2 Nc5 44. Kg2 Qd6 45. Qe2 Nd7 46. Qc4+ Qe6 47. Qf4+ Ke7 48. g4 Ke8 49. Kg3 Nf6 50. Qe3 Qxe3 51.
Bxe3 Nd5 52. Bf2 hxg4 53. Kxg4 Nc7 54. Kg5 Kf7 55. Bxb6 Nxb5 56. Be3 Nd6 57. Bf2 Ne8 58. Bd4 Nd6 59. Be5 Nc4 60. Bf4 Nb6 61. Bg3 Nd5 62. Bd6 Ne3 63. Kf4 Nf5 64. Bc5 Nxh4 65. Kg4 Nf5 66. Bf2 Ng7 67. Bg3 Ne6 68. Be5 Nf8 69. f4 Ke6 70. Bb2 Nh7 71. Ba1 Nf8 72. Kg5 Kf7 73. f5 gxf5 74. Kxf5 Ng6 75. Bf6 Ne5 76. Bxe5 1/2-1/2

[Event "*** MasterClass Titled Tuesday Blitz"]
[Site "Chess.com"]
[Date "2017.07.04"]
[Round "3"]
[White "micfel"]
[Black "CookiesAndIceCream"]
[Result "1-0"]
[WhiteElo "2178"]
[BlackElo "2180"]
[TimeControl "180+2"]
[EndTime "13:41:08 PDT"]
[Termination "micfel won by resignation"]

1. e4 e5 2. Nf3 Nc6 3. Bb5 g6 4. O-O Bg7 5. Re1 Nge7 6. c3 O-O 7. d4 exd4 8. cxd4 a6 9. Ba4 b5 10. Bb3 Na5 11. Bc2 d6 12. Nc3 Bg4 13. Be3 Nac6 14.
Qd2 Bxf3 15. gxf3 Qd7 16. Kg2 Rae8 17. Bb3 Na5 18. d5 c5 19. dxc6 Nexc6 20. Bd1 Nc4 21. Qc1 Nxe3+ 22. Qxe3 Bd4 23. Qd3 Bg7 24. f4 Nd4 25. Nd5 h6 26. Rc1 Nc6 27. b3 Kh7 28.
h3 f5 29. Bf3 Nd4 30. exf5 Qxf5 31.
Qxf5 Nxf5 32. Bg4 Nd4 33. Rxe8 Rxe8 34. Rc7 Kg8 35. Ne7+ Kh7 36. f5 gxf5 37. Nxf5 Kg6 38. Rxg7+ Kf6 39. Nxd4 Kxg7 40. Nf5+ Kf6 41. Nxd6 Re5 42.
a4 Rc5 43. axb5 Ke7 44. Nf5+ Kd8 45. bxa6 Ra5 46. Nxh6 Rxa6 47. Nf7+ Ke7 48. Ne5 Rb6 49.
Bd1 Kf6 50. Nc4 Rb8 51. h4 Kg6 52. h5+ Kh6 53. Ne5 Re8 54. Ng4+ Kg5 55. h6 Re1 56.
Bf3 Re8 57. h7 Rh8 58. Ne5 Rxh7 59. b4 Re7 60. Ng4 Kf4 61. b5 Re6 62. Ne3 Rg6+ 63. Bg4 Rb6 64. Nd5+ 1-0